 Dungeon Crawl Stone Soup version 0.17-a0-1763-g847a857 (webtiles) character file.

22525 Leibowitz the Blocker (level 12, -1/101 HPs)
             Began as a Demigod Fighter on Sept 5, 2015.
             Slain by bear's ghost (24 damage)
             ... on level 4 of the Lair of Beasts.
             The game lasted 01:33:36 (21181 turns).

Leibowitz the Blocker (Demigod Fighter)            Turns: 21181, Time: 01:33:36

Health: -1/101     AC: 10    Str: 24    XL:     12   Next: 32%
Magic:  16/16      EV: 21    Int: 12    God:
Gold:   1955       SH: 14    Dex: 21    Spells: 0 memorised, 11 levels left

rFire  . . .     SeeInvis .     L - +1 falchion (holy)
rCold  + . .     Clarity  .     u - +2 robe {rN+}
rNeg   + . .     SustAt   +     c - +1 shield
rPois  +         Gourm    .     w - +0 helmet
rElec  .         Spirit   .     (no cloak)
rCorr  .         Warding  .     O - +0 pair of gloves of Keizuxzu {rPois}
rMut   .         Stasis   .     q - +2 pair of boots
MR     +++..                    (no amulet)
Stlth  +++.......               y - +3 ring of evasion
                                K - ring "Gajyplul" {rC+ MR++ Str+3}

@: extremely resistant to hostile enchantments, fairly stealthy
A: high mp 1, sustain attributes
a: no special abilities


You were on level 4 of the Lair of Beasts.
You were hungry.

You visited 3 branches of the dungeon, and saw 19 of its levels.

You collected 1955 gold pieces.

Inventory:

Hand weapons
 a - a +2 long sword of electrocution
 e - a +0 spear of venom
 I - a +0 long sword
 L - a +1 falchion of holy wrath (weapon)
Missiles
 d - 2 curare-tipped needles
 f - 104 poisoned needles
 s - 10 javelins (quivered)
Armour
 c - a +1 shield (worn)
 p - a +0 pair of gloves
 q - a +2 pair of boots (worn)
 r - a +1 chain mail of poison resistance
 u - a +2 robe of positive energy (worn)
 w - a +0 helmet (worn)
 O - the +0 pair of gloves of Keizuxzu (worn) {rPois}
   (You found it on level 2 of the Lair of Beasts)

   It protects you from poison.
Jewellery
 o - an uncursed ring of positive energy
 t - an uncursed ring of wizardry
 y - a +3 ring of evasion (right hand)
 F - an uncursed ring of stealth
 K - the ring "Gajyplul" (left hand) {rC+ MR++ Str+3}
   (You found it on level 1 of the Lair of Beasts)

   [ring of strength]

   It affects your strength (+3).
   It protects you from cold.
   It affects your resistance to hostile enchantments.
 N - an uncursed amulet of stasis
 P - an uncursed ring of magical power
Magical devices
 D - a wand of paralysis (9)
 J - a wand of draining (8)
 M - a wand of slowing (27)
Scrolls
 g - 5 scrolls of remove curse
 j - 2 scrolls of fear
 l - 4 scrolls of magic mapping
 m - 8 scrolls of identify
 z - 3 scrolls of teleportation
 B - 4 scrolls of fog
 H - 3 scrolls of enchant armour
 R - a scroll of recharging
Potions
 x - a potion of curing
 A - 2 potions of resistance
 C - 2 potions of flight
 G - a potion of haste
 Q - a potion of brilliance
Comestibles
 b - 9 bread rations
 i - 8 fruits
 k - 2 royal jellies
 n - 9 beef jerkies
 v - 6 meat rations
 E - 9 slices of pizza


   Skills:
 + Level 8.1 Fighting
 + Level 8.8 Long Blades
 + Level 5.4 Throwing
 + Level 7.4 Armour
 + Level 7.4 Dodging
 + Level 2.6 Stealth
 + Level 11.0 Shields
 + Level 1.5 Evocations


You had 11 spell levels left.
You didn't know any spells.

Dungeon Overview and Level Annotations

Branches:
Dungeon (11/15)            Temple (0/1) D:6            Lair (4/8) D:8
    Orc (4/4) D:11            Elf (0/3) Orc:3
  Swamp: Lair:3-6    Shoals: Lair:3-6     Snake: Lair:3-6    Spider: Lair:3-6

Shops:
D:7 :   Orc:4 *(

Annotations:
D:6 max's ghost, experienced MiBe
D:8 Nergalle
Lair:1 Joseph
Lair:4 bear's ghost, powerful FoFi


Innate Abilities, Weirdness & Mutations

You have an increased reservoir of magic (+10% MP).
Your attributes are resistant to harm.


Message History

* * * LOW HITPOINT WARNING * * *
You hit bear's ghost but do no damage.
Bear's ghost is moderately damaged.
You block bear's ghost's attack.
Drink which item? (? for menu, Esc to quit)
You feel much better. Bear's ghost misses you.
You hit bear's ghost but do no damage.
Bear's ghost is moderately damaged.
Bear's ghost whispers, "There is no future for you."
Bear's ghost hits you!
* * * LOW HITPOINT WARNING * * *
Bear's ghost freezes you.
* * * LOW HITPOINT WARNING * * *
You hit bear's ghost but do no damage.
Bear's ghost is moderately damaged.
Bear's ghost completely misses you.
You hit bear's ghost but do no damage.
Bear's ghost is moderately damaged.
Bear's ghost hits you!!
You die...

... #...# #.....#
##...⌠...##
###.........#####
#...⌠..>..⌠..##@#
##.............#W#
#.......⌠.......##
...........#.....#
..⌠..#........⌠..##
........⌠............
....##.....##.........
....##.....#......#...
...#.#....†###+..#....


You could see bear's ghost.

Vanquished Creatures
  3 hill giants
  A wolf spider (Lair:2)
  A griffon (Lair:3)
  An orc sorcerer (Orc:4)
  An ugly thing (D:11)
  3 spiny frogs
  3 komodo dragons
  A fire drake (Lair:4)
  17 blink frogs
  A two-headed ogre (D:8)
  A troll (Orc:4)
  A human (D:9)
  A shadow (D:11)
  A basilisk (Lair:2)
  A deep elf mage (D:11)
  12 yaks
  7 hippogriffs
  2 wargs (Orc:3)
  3 wolves (Lair:3)
  2 steam dragons
  2 hungry ghosts
  15 orc warriors
  6 water moccasins
  5 sky beasts
  3 phantoms
  7 porcupines
  5 ice beasts
  A wasp (Lair:2)
  3 centaurs
  5 ogres
  A big kobold (D:8)
  7 crocodiles
  A gnoll sergeant (D:6)
  13 giant frogs
  A scorpion (D:7)
  3 killer bees (D:8)
  3 wights (D:11)
  3 crimson imps
  3 electric eels (Lair:1)
  A giant frog zombie (D:6)
  2 jellies
  2 centaur zombies
  5 giant frog skeletons
  8 iguanas
  A quasit (D:11)
  19 orc wizards
  Jessica (D:2)
  5 hounds
  23 orc priests
  Terence (D:3)
  16 worker ants
  3 sheep (D:9)
  A hound skeleton (D:6)
  A worker ant zombie (D:7)
  25 adders
  17 gnolls
  5 river rats (Lair:3)
  A giant eyeball (D:10)
  An ooze (D:3)
  3 worms
  5 giant geckos
  134 orcs
  10 bats
  4 giant cockroaches
  3 hobgoblins
  12 jackals
  16 kobolds
  6 quokkas
  A ball python (D:1)
  A giant gecko skeleton (D:4)
  A giant gecko zombie (D:6)
  6 giant newts
  8 goblins
  2 jackal skeletons
  7 rats
  A bush (Lair:2)
  A fungus (Lair:2)
509 creatures vanquished.

Vanquished Creatures (others)
  7 fungi
  A plant (Lair:2)
8 creatures vanquished.

Grand Total: 517 creatures vanquished

Notes
Turn   | Place    | Note
--------------------------------------------------------------
     0 | D:1      | Leibowitz the Demigod Fighter began the quest for the Orb.
     0 | D:1      | Reached XP level 1. HP: 18/18 MP: 3/3
   472 | D:1      | Reached XP level 2. HP: 22/25 MP: 4/4
   495 | D:1      | Reached skill level 3 in Fighting
   948 | D:2      | Reached XP level 3. HP: 29/31 MP: 5/5
  1156 | D:2      | Reached skill level 1 in Dodging
  1388 | D:2      | Reached XP level 4. HP: 12/38 MP: 6/6
  1614 | D:2      | Noticed Jessica
  1619 | D:2      | Killed Jessica
  2138 | D:3      | Reached XP level 5. HP: 20/45 MP: 7/7
  2412 | D:3      | Noticed a sky beast
  2450 | D:3      | Noticed Terence
  2479 | D:3      | Killed Terence
  2602 | D:3      | Killed a sky beast
  2602 | D:3      | Reached skill level 4 in Armour
  2602 | D:3      | Reached XP level 6. HP: 27/52 MP: 8/8
  3139 | D:3      | Found a glowing golden altar of the Shining One.
  3787 | D:4      | Reached skill level 1 in Throwing
  3832 | D:4      | Reached XP level 7. HP: 33/58 MP: 9/9
  4441 | D:5      | Entered Level 5 of the Dungeon
  4699 | D:5      | Reached skill level 1 in Evocations
  5467 | D:6      | Reached skill level 1 in Stealth
  5643 | D:6      | Reached skill level 5 in Shields
  5909 | D:6      | Reached XP level 8. HP: 46/67 MP: 11/11
  6176 | D:6      | Reached skill level 5 in Armour
  6328 | D:6      | Noticed max's ghost (experienced MiBe)
  7225 | D:6      | Found a staircase to the Ecumenical Temple.
  7274 | D:6      | Reached skill level 6 in Shields
  7398 | D:6      | Found an iron altar of Okawaru.
  7828 | D:7      | Reached skill level 5 in Fighting
  7887 | D:7      | Reached XP level 9. HP: 71/74 MP: 12/12
  8083 | D:7      | Found Dodoadd's Book Shoppe.
  8489 | D:7      | Reached skill level 5 in Long Blades
  8778 | D:8      | Found a staircase to the Lair.
  9243 | D:8      | Reached skill level 7 in Shields
  9763 | D:8      | Found a shattered altar of Ashenzari.
  9834 | D:8      | Reached XP level 10. HP: 83/83 MP: 13/13
  9879 | D:8      | Found a glowing silver altar of Zin.
  9879 | D:8      | Found a sparkling altar of Nemelex Xobeh.
  9898 | D:8      | Found a stormy altar of Qazlal.
  9910 | D:8      | Found a blossoming altar of Fedhas.
 10003 | D:8      | Reached skill level 5 in Dodging
 10111 | Lair:1   | Entered Level 1 of the Lair of Beasts
 10169 | D:8      | Reached skill level 8 in Shields
 10653 | Lair:1   | Noticed Joseph
 12037 | Lair:1   | Noticed Nergalle
 12077 | D:9      | Found a shimmering altar of Xom.
 12880 | D:10     | Entered Level 10 of the Dungeon
 12916 | D:10     | Reached skill level 9 in Shields
 13048 | D:10     | Noticed a hill giant
 13067 | D:10     | Killed a hill giant
 13121 | D:10     | Reached XP level 11. HP: 70/91 MP: 15/15
 13154 | D:10     | Paralysed by a giant eyeball for 4 turns
 14034 | D:11     | Found a staircase to the Orcish Mines.
 14054 | D:11     | Reached skill level 5 in Throwing
 14224 | D:11     | Found a roughly hewn altar of Beogh.
 14303 | D:11     | Found a sparkling altar of Nemelex Xobeh.
 14687 | Orc:1    | Entered Level 1 of the Orcish Mines
 15321 | Orc:1    | HP: 3/92 [orc priest/divine providence (11)]
 16010 | Orc:1    | Found a roughly hewn altar of Beogh.
 16228 | Orc:2    | Reached skill level 10 in Shields
 16667 | Orc:2    | Found a roughly hewn altar of Beogh.
 16854 | Orc:3    | Found a staircase to the Elven Halls.
 17024 | Orc:4    | Entered Level 4 of the Orcish Mines
 17534 | Orc:4    | HP: 2/92 [troll (10)]
 17914 | Orc:4    | Found Xowewkol's Antique Weapon Shoppe.
 18109 | Orc:4    | Found Pefa's General Store.
 18111 | Orc:4    | Noticed an orc high priest
 18368 | Lair:1   | Noticed a spectral orc warlord
 18890 | Lair:1   | Got a warped lapis lazuli ring
 18892 | Lair:1   | Identified the ring "Gajyplul" {rC+ MR++ Str+3} (You found it on level 1 of the Lair of Beasts)
 19584 | Lair:2   | Reached XP level 12. HP: 94/101 MP: 16/16
 19707 | Lair:2   | Found a shimmering altar of Xom.
 19717 | Lair:2   | Got a pair of jewelled gloves
 19728 | Lair:2   | Identified the +0 pair of gloves of Keizuxzu {rPois} (You found it on level 2 of the Lair of Beasts)
 21104 | Lair:4   | Reached skill level 11 in Shields
 21113 | Lair:4   | Noticed bear's ghost (powerful FoFi)
 21181 | Lair:4   | Slain by bear's ghost

Vault maps used:
D:1:      evilmike_arrival_plus, due_unseen_surprise
D:2:      item_on_display_a, uniq_jessica
D:3:      overflow_temple_1_default, uniq_terence
D:4:      kennysheep_generic_room_9
D:5:      first_bread
D:6:      hangedman_cross_stitches, okawaru_gym_becter, temple_green
D:7:      serial_shops, nicolae_shop_window_shopping
D:8:      minmay_four_partial_circles, grunt_temple_overflow_forces_of_nature,
          ashenzari_conservatory_becter, gammafunk_temple_overflow_wave
D:9:      basic_altar, grunt_livestock, spider_trap
D:11:     minmay_orc_entry_temple_small, basic_altar
Lair:1:   minivault_24, st_stairs_3, serial_bayou_lake_a, serial_bayou_shore_b,
          uniq_joseph, uniq_nergalle
Lair:2:   minmay_lair_venomous_thicket, basic_altar
Lair:4:   enter_volcano_3, guppyfry_lair_drakes, lemuel_fruit_fields,
          grunt_megastairs_3
Orc:1:    basic_altar
Orc:2:    basic_altar
Orc:3:    nicolae_orc_pool_cavern
Orc:4:    grunt_orc_gardens, grunt_orc_garden, grunt_orc_garden,
          grunt_orc_garden, grunt_orc_garden, rock_pile

Action                   |  1- 3 |  4- 6 |  7- 9 | 10-12 || total
-------------------------+-------+-------+-------+-------++-------
Melee: Long sword        |   141 |   224 |   766 |  1204 ||  2335
       Falchion          |       |       |       |   122 ||   122
       Spear             |       |       |       |    23 ||    23
Throw: Javelin           |       |    22 |    86 |    70 ||   178
       Throwing net      |       |     1 |     1 |       ||     2
Evoke: Wand              |       |     7 |     9 |    10 ||    26
  Use: Potion            |     3 |     3 |     8 |     7 ||    21
       Scroll            |       |     7 |     6 |     4 ||    17
 Stab: Invisible         |       |       |     1 |       ||     1
       Paralysed         |       |       |     1 |       ||     1
       Held in net/web   |       |       |     2 |       ||     2
       Distracted        |       |       |       |     1 ||     1
       Sleeping          |       |       |       |     2 ||     2
  Eat: Chunk             |     2 |     9 |    24 |    39 ||    74
       Meat ration       |       |       |     1 |       ||     1
